SL
NEW AMSTERDAM REPUBLICS @ ATLANTA SMOKE
06/28/2018
 
TOP OF THE 1ST
New Amsterdam Republics batting - Pitching for Atlanta Smoke : RHP Christian Pitts
Pitching: RHP Christian Pitts
Batting: RHB José Ramírez 0-0: Called Strike
0-1: Foul Ball, location: 2F
0-2: Ball
1-2: Ball
2-2: SOLO HOME RUN (Flyball, 78XD), Distance : 434 ft
Batting: RHB Doug Reed 0-0: Fly out, F9 (Flyball, 9D)
Batting: RHB Porter Martínez 0-0: Ball
1-0: Called Strike
1-1: Foul Ball, location: 2F
1-2: Strikes out swinging
Batting: LHB Ken Norman 0-0: Swinging Strike
0-1: Ball
1-1: Swinging Strike
1-2: Strikes out looking
Top of the 1st over - 1 run(s), 1 hit(s), 0 error(s), 0 left on base; New Amsterdam 1 - Atlanta 0
BOTTOM OF THE 1ST
Atlanta Smoke batting - Pitching for New Amsterdam Republics : RHP Jorge Rodríguez
Pitching: RHP Jorge Rodríguez
Batting: LHB Mike Blue 0-0: Called Strike
0-1: Called Strike
0-2: Ball
1-2: Ground out 4-3 (Groundball, 34)
Batting: RHB Chris Smith 0-0: Called Strike
0-1: Ball
1-1: Ground out 6-3 (Groundball, 6)
Batting: RHB Nathan Horton 0-0: Called Strike
0-1: Swinging Strike
0-2: SINGLE (Groundball, 34)
Batting: LHB Roberto Rodríguez 0-0: Called Strike
0-1: Ball
1-1: Foul Ball, location: 2F
1-2: Strikes out swinging
Bottom of the 1st over - 0 run(s), 1 hit(s), 0 error(s), 1 left on base; New Amsterdam 1 - Atlanta 0
TOP OF THE 2ND
New Amsterdam Republics batting - Pitching for Atlanta Smoke : RHP Christian Pitts
Batting: RHB Carlos Ortega 0-0: Ball
1-0: Foul Ball, location: 2F
1-1: Foul Ball, location: 2F
1-2: Foul Ball, location: 2F
1-2: Foul Ball, location: 2F
1-2: Foul Ball, location: 2F
1-2: Fly out, F7 (Line Drive, 7D)
Batting: RHB Noel Livingston 0-0: Ground out 6-3 (Groundball, 6)
Batting: RHB Fernando López 0-0: Called Strike
0-1: Ball
1-1: Foul Ball, location: 2F
1-2: Strikes out swinging
Top of the 2nd over - 0 run(s), 0 hit(s), 0 error(s), 0 left on base; New Amsterdam 1 - Atlanta 0
BOTTOM OF THE 2ND
Atlanta Smoke batting - Pitching for New Amsterdam Republics : RHP Jorge Rodríguez
Batting: RHB Nate Cates 0-0: Called Strike
0-1: Ball
1-1: Ball
2-1: Ground out 5-3 (Groundball, 5L)
Batting: LHB Armando Esparza 0-0: Called Strike
0-1: Called Strike
0-2: Foul Ball, location: 2F
0-2: Ground out 4-3 (Groundball, 34)
Batting: RHB Mal Bussard 0-0: Ball
1-0: Called Strike
1-1: Ball
2-1: Ground out 6-3 (Groundball, 6)
Bottom of the 2nd over - 0 run(s), 0 hit(s), 0 error(s), 0 left on base; New Amsterdam 1 - Atlanta 0
TOP OF THE 3RD
New Amsterdam Republics batting - Pitching for Atlanta Smoke : RHP Christian Pitts
Batting: RHB Ronald Shelton 0-0: Ball
1-0: Called Strike
1-1: Ball
2-1: Foul Ball, location: 2F
2-2: Ball
3-2: Strikes out swinging
Batting: RHB Jorge Rodríguez 0-0: Ball
1-0: Ball
2-0: Called Strike
2-1: Swinging Strike
2-2: Foul Ball, location: 2F
2-2: Strikes out swinging
Batting: RHB José Ramírez 0-0: Ground out 5-3 (Groundball, 56S)
Top of the 3rd over - 0 run(s), 0 hit(s), 0 error(s), 0 left on base; New Amsterdam 1 - Atlanta 0
BOTTOM OF THE 3RD
Atlanta Smoke batting - Pitching for New Amsterdam Republics : RHP Jorge Rodríguez
Batting: RHB Leandro Tuzzi 0-0: Ball
1-0: Called Strike
1-1: Called Strike
1-2: DOUBLE (Line Drive, 9LM)
Batting: SHB Christian Pitts 0-0: Sac Bunt - play at first, batter OUT! 3-4
Leandro Tuzzi to third
Batting: LHB Mike Blue 0-0: Foul Ball, location: 2F
0-1: Swinging Strike
0-2: Ball
1-2: Ground out 6-3 (Groundball, 6)
Leandro Tuzzi scores
Batting: RHB Chris Smith 0-0: Swinging Strike
0-1: Ball
1-1: Ball
2-1: Ground out 5-3 (Groundball, 56S)
Bottom of the 3rd over - 1 run(s), 1 hit(s), 0 error(s), 0 left on base; New Amsterdam 1 - Atlanta 1
TOP OF THE 4TH
New Amsterdam Republics batting - Pitching for Atlanta Smoke : RHP Christian Pitts
Batting: RHB Doug Reed 0-0: Ball
1-0: Swinging Strike
1-1: Fly out, F7 (Flyball, 7M)
Batting: RHB Porter Martínez 0-0: Ball
1-0: Called Strike
1-1: Ball
2-1: Ball
3-1: Base on Balls
Pitching: RHP Josef van der Poel
Batting: LHB Ken Norman 0-0: Foul Ball, location: 2F
0-1: 2-RUN HOME RUN (Flyball, 9D), Distance : 390 ft
Batting: RHB Carlos Ortega 0-0: Called Strike
0-1: Foul Ball, location: 2F
0-2: Ball
1-2: Strikes out swinging
Batting: RHB Noel Livingston 0-0: Ball
1-0: Ball
2-0: Called Strike
2-1: Ball
3-1: Base on Balls
Batting: RHB Fernando López 0-0: Called Strike
0-1: Ground out 1-3 (Groundball, 13)
Top of the 4th over - 2 run(s), 1 hit(s), 0 error(s), 1 left on base; New Amsterdam 3 - Atlanta 1
BOTTOM OF THE 4TH
Atlanta Smoke batting - Pitching for New Amsterdam Republics : RHP Jorge Rodríguez
Batting: RHB Nathan Horton 0-0: Ball
1-0: Ball
2-0: Ball
3-0: Called Strike
3-1: Ground out 3-1 (Groundball, 34)
Batting: LHB Roberto Rodríguez 0-0: Ball
1-0: Ball
2-0: Foul Ball, location: 2F
2-1: Ball
3-1: Called Strike
3-2: Strikes out swinging
Batting: RHB Nate Cates 0-0: Ball
1-0: Foul Ball, location: 2F
1-1: Ball
2-1: Swinging Strike
2-2: Reached on error, E6 (Groundball, 6M)
Batting: LHB Armando Esparza 0-0: Foul Ball, location: 2F
0-1: Ball
1-1: Ball
2-1: Swinging Strike
2-2: DOUBLE (Groundball, 5L)
Nate Cates scores
Batting: RHB Mal Bussard 0-0: Called Strike
0-1: Foul Ball, location: 2F
0-2: Foul Ball, location: 2F
0-2: Ground out 6-3 (Groundball, 6)
Bottom of the 4th over - 1 run(s), 1 hit(s), 1 error(s), 1 left on base; New Amsterdam 3 - Atlanta 2
TOP OF THE 5TH
New Amsterdam Republics batting - Pitching for Atlanta Smoke : RHP Josef van der Poel
Batting: RHB Ronald Shelton 0-0: Ball
1-0: Ball
2-0: Foul Ball, location: 2F
2-1: SINGLE (Line Drive, 56D)
Batting: RHB Jorge Rodríguez 0-0: Bunted foul
0-1: Sac Bunt - play at first, batter OUT! 1-4
Ronald Shelton to second
Batting: RHB José Ramírez 0-0: Ground out 5-3 (Groundball, 5S)
Ronald Shelton to third
Batting: RHB Doug Reed 0-0: Swinging Strike
0-1: Ball
1-1: Swinging Strike
1-2: Strikes out looking
Top of the 5th over - 0 run(s), 1 hit(s), 0 error(s), 1 left on base; New Amsterdam 3 - Atlanta 2
BOTTOM OF THE 5TH
Atlanta Smoke batting - Pitching for New Amsterdam Republics : RHP Jorge Rodríguez
Batting: RHB Leandro Tuzzi 0-0: Ball
1-0: Foul Ball, location: 2F
1-1: Ground out 5-3 (Groundball, 5L)
Batting: SHB Josef van der Poel 0-0: Ground out 4-3 (Groundball, 4)
Batting: LHB Mike Blue 0-0: Called Strike
0-1: Ground out 6-3 (Groundball, 6M)
Bottom of the 5th over - 0 run(s), 0 hit(s), 0 error(s), 0 left on base; New Amsterdam 3 - Atlanta 2
TOP OF THE 6TH
New Amsterdam Republics batting - Pitching for Atlanta Smoke : RHP Josef van der Poel
Batting: RHB Porter Martínez 0-0: Ball
1-0: Ball
2-0: Ball
3-0: Base on Balls
Batting: LHB Ken Norman 0-0: Called Strike
0-1: Called Strike
0-2: Ball
1-2: Ball
2-2: Ground out 4-3 (Groundball, 4M)
Porter Martínez to second
Batting: RHB Carlos Ortega 0-0: Ball
1-0: Foul Ball, location: 2F
1-1: Ball
2-1: Called Strike
2-2: Foul Ball, location: 2F
2-2: Ball
3-2: DOUBLE (Line Drive, 7LS)
Porter Martínez scores
Pitching: RHP Calvin McVurie
Batting: RHB Noel Livingston 0-0: Ball
1-0: Swinging Strike
1-1: Called Strike
1-2: Foul Ball, location: 2F
1-2: Ball
2-2: 2-RUN HOME RUN (Line Drive, 7LD), Distance : 366 ft
Batting: RHB Fernando López 0-0: Foul Ball, location: 2F
0-1: Swinging Strike
0-2: Ball
1-2: Ball
2-2: Strikes out swinging
Batting: RHB Ronald Shelton 0-0: Called Strike
0-1: Swinging Strike
0-2: Ball
1-2: Ball
2-2: Strikes out looking
Top of the 6th over - 3 run(s), 2 hit(s), 0 error(s), 0 left on base; New Amsterdam 6 - Atlanta 2
BOTTOM OF THE 6TH
Atlanta Smoke batting - Pitching for New Amsterdam Republics : RHP Jorge Rodríguez
Batting: RHB Chris Smith 0-0: Foul Ball, location: 2F
0-1: Called Strike
0-2: Ball
1-2: Ball
2-2: Ball
3-2: SINGLE (Groundball, 34S)
Batting: RHB Nathan Horton 0-0: DOUBLE (Line Drive, 78D)
Chris Smith to third
Batting: LHB Roberto Rodríguez 0-0: Called Strike
0-1: Foul Ball, location: 2F
0-2: Ball
1-2: 3-RUN HOME RUN (Flyball, 89XD), Distance : 429 ft
Pitching: RHP Pablo Solano
Now at C: Billy Fitzgerald
Batting: RHB Nate Cates 0-0: Ball
1-0: Called Strike
1-1: Fly out, F8 (Flyball, 8RM)
Batting: LHB Armando Esparza 0-0: Ball
1-0: Called Strike
1-1: Ball
2-1: Foul Ball, location: 2F
2-2: Foul Ball, location: 2F
2-2: DOUBLE (Line Drive, 9LS)
Batting: RHB Mal Bussard 0-0: Ball
1-0: Ball
2-0: Ball
3-0: Foul Ball, location: 2F
3-1: Ground out 6-3 (Groundball, 6M)
Armando Esparza to third
Batting: RHB Leandro Tuzzi 0-0: Foul Ball, location: 2F
0-1: Ball
1-1: Called Strike
1-2: Ball
2-2: Foul Ball, location: 2F
2-2: Fly out, F5 (Popup, 5F)
Bottom of the 6th over - 3 run(s), 4 hit(s), 0 error(s), 1 left on base; New Amsterdam 6 - Atlanta 5
TOP OF THE 7TH
New Amsterdam Republics batting - Pitching for Atlanta Smoke : RHP Calvin McVurie
Batting: RHB Billy Fitzgerald 0-0: Foul Ball, location: 2F
0-1: Ground out 5-3 (Groundball, 5)
Batting: RHB José Ramírez 0-0: Ball
1-0: Called Strike
1-1: Ball
2-1: Foul Ball, location: 2F
2-2: Strikes out swinging
Batting: RHB Doug Reed 0-0: Called Strike
0-1: Ball
1-1: Ball
2-1: Foul Ball, location: 2F
2-2: Fly out, F5 (Popup, 5D)
Top of the 7th over - 0 run(s), 0 hit(s), 0 error(s), 0 left on base; New Amsterdam 6 - Atlanta 5
BOTTOM OF THE 7TH
Atlanta Smoke batting - Pitching for New Amsterdam Republics : RHP Pablo Solano
Pitching: LHP Spike Wells
Pinch Hitting: LHB Rick Harrison 0-0: Ball
1-0: Called Strike
1-1: Ball
2-1: Ground out 4-3 (Groundball, 4)
Pitching: RHP Gavin Blackburn
Batting: LHB Mike Blue 0-0: Called Strike
0-1: Ball
1-1: Ball
2-1: Ball
3-1: Foul Ball, location: 2F
3-2: Ground out 4-3 (Groundball, 4)
Batting: RHB Chris Smith 0-0: Ball
1-0: Called Strike
1-1: Swinging Strike
1-2: Strikes out swinging
Bottom of the 7th over - 0 run(s), 0 hit(s), 0 error(s), 0 left on base; New Amsterdam 6 - Atlanta 5
TOP OF THE 8TH
New Amsterdam Republics batting - Pitching for Atlanta Smoke : RHP Calvin McVurie
Pitching: RHP Fred Pitts
Batting: RHB Porter Martínez 0-0: Foul Ball, location: 2F
0-1: Ball
1-1: SOLO HOME RUN (Flyball, 8LXD), Distance : 451 ft
Batting: LHB Ken Norman 0-0: Foul Ball, location: 2F
0-1: Ball
1-1: Ball
2-1: Foul Ball, location: 2F
2-2: Fly out, F3 (Line Drive, 3L)
Batting: RHB Carlos Ortega 0-0: Called Strike
0-1: Ground out 1-3 (Groundball, 15)
Pinch Hitting: LHB Arturo Acosta 0-0: Foul Ball, location: 2F
0-1: Foul Ball, location: 2F
0-2: SINGLE (Groundball, 5D)
Batting: RHB Fernando López 0-0: Ball
1-0: Foul Ball, location: 2F
1-1: SINGLE (Groundball, 6MD) (infield hit)
Arturo Acosta to second
Batting: RHB Ronald Shelton 0-0: Foul Ball, location: 2F
0-1: Ball
1-1: Called Strike
1-2: Strikes out swinging
Top of the 8th over - 1 run(s), 3 hit(s), 0 error(s), 2 left on base; New Amsterdam 7 - Atlanta 5
BOTTOM OF THE 8TH
Atlanta Smoke batting - Pitching for New Amsterdam Republics : RHP Gavin Blackburn
Pitching: RHP Albert Emery
Batting: RHB Nathan Horton 0-0: Called Strike
0-1: Ball
1-1: Swinging Strike
1-2: Ball
2-2: Ground out 6-3 (Groundball, 6)
Batting: LHB Roberto Rodríguez 0-0: Fly out, F5 (Popup, 5SF)
Batting: RHB Nate Cates 0-0: Ball
1-0: Called Strike
1-1: Called Strike
1-2: Strikes out looking
Bottom of the 8th over - 0 run(s), 0 hit(s), 0 error(s), 0 left on base; New Amsterdam 7 - Atlanta 5
TOP OF THE 9TH
New Amsterdam Republics batting - Pitching for Atlanta Smoke : RHP Fred Pitts
Batting: RHB Billy Fitzgerald 0-0: Swinging Strike
0-1: Ball
1-1: Foul Ball, location: 2F
1-2: Ball
2-2: Strikes out looking
Batting: RHB José Ramírez 0-0: Swinging Strike
0-1: Swinging Strike
0-2: Strikes out swinging
Batting: RHB Doug Reed 0-0: Ball
1-0: Swinging Strike
1-1: Ball
2-1: Fly out, F8 (Flyball, 8RM)
Top of the 9th over - 0 run(s), 0 hit(s), 0 error(s), 0 left on base; New Amsterdam 7 - Atlanta 5
BOTTOM OF THE 9TH
Atlanta Smoke batting - Pitching for New Amsterdam Republics : RHP Albert Emery
Pitching: RHP Decheng Sun
Batting: LHB Armando Esparza 0-0: Ball
1-0: Called Strike
1-1: Ball
2-1: Fly out, F9 (Flyball, 9D)
Batting: RHB Mal Bussard 0-0: Ball
1-0: Called Strike
1-1: Fly out, F7 (Flyball, 78D)
Batting: RHB Leandro Tuzzi 0-0: Ball
1-0: Foul Ball, location: 2F
1-1: Swinging Strike
1-2: Foul Ball, location: 2F
1-2: Ball
2-2: Ground out 1-3 (Groundball, 15)
Bottom of the 9th over - 0 run(s), 0 hit(s), 0 error(s), 0 left on base; New Amsterdam 7 - Atlanta 5
This league is powered by Out of the Park Baseball, the baseball management simulation game for PC, Mac and Linux
Monday, May 4th, 2015 - OOTP Baseball 15.6 Build 34